 Dungeon Crawl Stone Soup version 0.27-a0-279-gdfb9265905 (webtiles) character file.

Game seed: 4347766151570713661

1012 gimp the Magician (level 8, -8/58 HPs)
             Began as a Vampire Necromancer on Feb 7, 2021.
             Killed by divine providence
             ... invoked by an orc priest
              (11 damage)
             ... on level 6 of the Dungeon.
             The game lasted 00:12:21 (5587 turns).

gimp the Magician (Vampire Necromancer)             Turns: 5587, Time: 00:12:21

Health: -8/58      AC:  4    Str:  7    XL:     8   Next: 1%
Magic:  1/17       EV: 12    Int: 20    God:
Gold:   251        SH:  5    Dex: 14    Spells: 12/20 levels left

rFire    . . .     SeeInvis +   b - +9 short sword of the Extremely Mad {vorpal, rPois SInv Stlth+}
rCold    . . .     Faith    .   g - +0 buckler
rNeg     . . .     Spirit   .   t - +0 robe
rPois    +         Reflect  .   (no helmet)
rElec    .         Harm     .   q - scarf {repulsion}
rCorr    .         Rampage  .   i - +0 pair of gloves
Will     .....                  r - +0 pair of boots
Stlth    +++.......             (no amulet)
HPRegen  0.39/turn              (no ring)
MPRegen  0.15/turn              (no ring)

@: regenerating quickly, studying Slings, repel missiles
A: fangs 3, see invisible, unbreathing
a: Exsanguinate


You were on level 6 of the Dungeon.
You visited 1 branch of the dungeon, and saw 6 of its levels.

You collected 251 gold pieces.

Inventory:

Hand Weapons
 a - a +2 dagger of venom
 b - the +9 short sword of the Extremely Mad (weapon) {vorpal, rPois SInv Stlth+}
   (You found it on level 4 of the Dungeon)

   It inflicts extra damage upon your enemies.
   It protects you from poison.
   It lets you see invisible.
   It makes you more stealthy.
 c - a +0 dagger
Missiles
 h - 13 poisoned darts
Armour
 g - a +0 buckler (worn)
 i - a +0 pair of gloves (worn)
 q - a scarf of repulsion (worn)
 r - a +0 pair of boots (worn)
 t - a +0 robe (worn)
Wands
 u - a wand of flame (17)
 w - a wand of iceblast (9)
Scrolls
 d - 3 scrolls of remove curse
 k - a scroll of fog {unknown}
 m - 2 scrolls of random uselessness
 o - 4 scrolls of teleportation
 p - a scroll of magic mapping
 s - a scroll of enchant weapon {unknown}
 v - a scroll of blinking {unknown}
 x - a scroll of identify
Potions
 e - a potion of berserk rage
 f - 3 potions of degeneration {unknown}
 j - 2 potions of curing {unknown}
 l - a potion of brilliance {unknown}
 n - a potion of haste


   Skills:
 - Level 3.0 Fighting
 - Level 2.1 Dodging
 - Level 3.0 Stealth
 + Level 3.9 Shields
 + Level 6.6 Spellcasting
 - Level 5.0 Necromancy


You had 12 spell levels left.
You knew the following spells:

 Your Spells              Type           Power        Failure   Level
a - Pain                  Necr           100%         1%          1
b - Vampiric Draining     Necr           13%          3%          3
c - Animate Dead          Necr           13%          13%         4

Your spell library contained the following spells:

 Spells                   Type           Power        Failure   Level
 Animate Skeleton         Necr           52%          1%          1
 Agony                    Necr           26%          34%         5


Dungeon Overview and Level Annotations

Branches:
Dungeon (6/15)
 Temple: D:4-7

Altars:
Okawaru
Ru
Vehumet

Shops:
D:4 [

Annotations:
D:2 Sigmund
D:4 3 runed translucent doors, HackSlashDie's ghost, amateur DsFi
D:6 Maggie


Innate Abilities, Weirdness & Mutations

Your natural rate of healing is unusually fast.
You have razor-sharp teeth.
You have supernaturally acute eyesight. (SInv)
You can survive without breathing.


Message History

Aim: Maggie, wielding a +0 broad axe and wearing +0 steam dragon scales (moderately wounded) Maggie is heavily wounded.
You feel life coursing into your body. Maggie hits you with a +0 broad axe!
* * * LOW HITPOINT WARNING * * *
The orc misses you.
The orc priest begins to cast a cantrip, but forgets the words!
You take 7 damage, and have 1/58 hp.
You now have 4/17 mp.
Casting: Vampiric Draining (dangerous; 3% risk of failure)
Confirm with . or Enter, or press ? or * to list all spells.
Aiming: Vampiric Draining (dangerous; 3% risk of failure)
Press: ? - help, Shift-Dir - straight line, f/p - Maggie
Aim: Maggie, wielding a +0 broad axe and wearing +0 steam dragon scales (heavily wounded) Maggie is severely wounded.
You feel life coursing into your body.
Maggie gestures wildly while chanting.
Maggie attempts to bespell you! You resist.
An orc comes into view.
The orc priest calls down the wrath of Beogh upon you.
Beogh smites you!
You die...

######## #......##
#........ #........
#####################...
....................'...
.........############...
......o..# #...
......@@.# #...
.......o.# #...
....$....# #...
.......[.. ###.
........... #.
o.o...(..... #.
.........#### #.
.......... ##


You could see Maggie, an orc priest, an orc wizard and 2 orcs.

Vanquished Creatures
  An ogre (D:5)
  A phantom (D:5)
  A bullfrog (D:6)
  A water moccasin skeleton (D:4)
  A howler monkey (D:3)
  A bullfrog zombie (D:5)
  A centaur zombie (D:5)
  A hound (D:6)
  2 orc priests (D:5)
  A jelly (D:2)
  An iguana (D:5)
  Terence (D:3)
  4 worker ants
  4 orc wizards
  A hound skeleton (D:5)
  3 gnolls (D:3)
  11 adders
  A shadow imp (D:6)
  A white imp (D:5)
  4 oozes
  An adder skeleton (D:5)
  4 worms
  A dart slug (D:1)
  2 leopard geckos
  14 orcs
  3 giant cockroaches
  8 goblins
  5 hobgoblins
  9 jackals (D:4)
  A quokka (D:4)
  A ball python (D:1)
  7 bats
  5 frilled lizards
  A giant cockroach zombie (D:5)
  6 kobolds
  2 leopard gecko zombies
  4 rats
116 creatures vanquished.

Notes
Turn   | Place    | Note
-------+----------+-------------------------------------------
     0 | D:1      | gimp the Vampire Necromancer began the quest for the Orb.
     0 | D:1      | Reached XP level 1. HP: 13/13 MP: 3/3
   116 | D:1      | Reached XP level 2. HP: 11/19 MP: 0/5
   660 | D:1      | Reached XP level 3. HP: 23/24 MP: 5/7
   766 | D:1      | Reached skill level 5 in Necromancy
   984 | D:1      | Reached skill level 3 in Spellcasting
  1173 | D:2      | Reached XP level 4. HP: 26/30 MP: 2/9
  1289 | D:2      | Noticed Sigmund
  1418 | D:3      | Reached skill level 4 in Spellcasting
  1743 | D:3      | Reached XP level 5. HP: 30/35 MP: 5/11
  2165 | D:3      | Noticed Terence
  2169 | D:3      | Killed Terence
  2170 | D:3      | Reached skill level 5 in Spellcasting
  2447 | D:3      | Learned a level 3 spell: Vampiric Draining
  2482 | D:3      | Reached skill level 1 in Fighting
  2783 | D:4      | Reached XP level 6. HP: 39/43 MP: 6/13
  2986 | D:4      | Found a runed translucent gate.
  2986 | D:4      | Found a runed translucent gate.
  2986 | D:4      | Noticed HackSlashDie's ghost (amateur DsFi)
  2987 | D:4      | Found a runed translucent gate.
  3020 | D:4      | Got a smouldering short sword
  3021 | D:4      | Identified the +9 short sword of the Extremely Mad {vorpal,
                  | rPois SInv Stlth+} (You found it on level 4 of the Dungeon)
  3055 | D:4      | Reached skill level 1 in Shields
  3180 | D:4      | Found a sacrificial altar of Ru.
  3579 | D:4      | Found Gughy's Antique Armour Emporium.
  3977 | D:4      | Learned a level 4 spell: Animate Dead
  3999 | D:5      | Entered Level 5 of the Dungeon
  4008 | D:5      | Found an iron altar of Okawaru.
  4246 | D:5      | Reached XP level 7. HP: 37/51 MP: 5/15
  4566 | D:5      | Found a radiant altar of Vehumet.
  4733 | D:5      | Reached skill level 6 in Spellcasting
  5480 | D:6      | Reached XP level 8. HP: 52/58 MP: 13/17
  5574 | D:6      | Noticed Maggie
  5586 | D:6      | HP: 1/58 [Maggie/+0 broad axe (13)]
  5587 | D:6      | Killed from afar by an orc priest

Illustrated notes

Levels and vault maps discovered:
D:1:      amcnicky_arrival_gap_in_the_tavern_cellar, layout_loops_ring
D:2:      layout_rooms, elyvilon_altar_5, corexii_corridor_pit, uniq_sigmund
D:3:      layout_basic, uniq_terence
D:4:      cheibrodos_helix_gallery, layout_loops_corners, kennysheep_little_box,
          gammafunk_ghost_split, serial_shops, nicolae_shop_crystal,
          grunt_ministairs_15, guppyfry_early_lair_pool
D:5:      layout_loops_corners, vehumet_altar_wand_db,
          okawaru_ov_weapons_minmay, minmay_manual_monolith
D:6:      layout_basic, temple_hall, serial_glass, glass_columns_c,
          glass_columns_b, enter_ossuary_5, uniq_maggie

Skill      XL: |  1  2  3  4  5  6  7 |
---------------+----------------------+-----
Necromancy     | 5 |  5.0
Spellcasting   | 3 4 5 6 |  6.6
Fighting       | 1 2 3 |  3.0
Shields        | 2 3 |  3.9
Dodging        | |  2.1
Stealth        | |  3.0

Action                   |  1- 3 |  4- 6 |  7- 9 || total
-------------------------+-------+-------+-------++-------
Melee: Unarmed           |    11 |       |       ||    11
       Bite              |     3 |     2 |     7 ||    12
       Dagger            |       |     8 |    14 ||    22
       Short sword       |       |    22 |    38 ||    60
 Cast: Pain              |    50 |   157 |    42 ||   249
       Vampiric Draining |       |     3 |     6 ||     9
  Use: Scroll            |       |       |     7 ||     7
 Stab: Sleeping          |       |       |     2 ||     2
Armor: Robe              |     7 |    19 |     7 ||    33
Dodge: Dodged            |    16 |    61 |    24 ||   101
       Repelled          |       |       |     2 ||     2
Block: Buckler           |       |       |    17 ||    17

Table legend: (Time is in decaauts)
 A = Elapsed time spent in this place.
 B = Non-inter-level travel time spent in this place.
 C = Inter-level travel time spent in this place.
 D = Time resting spent in this place.
 E = Time spent auto-exploring this place.
 F = Levels seen in this place.
 G = Mean time per level.
                   A        B        C        D        E       F      G
               +--------+--------+--------+--------+--------+-----+--------+
         Total |   5593 |   5518 |     75 |     53 |   4525 |   6 |  932.2 |
       Dungeon |   5593 |   5518 |     75 |     53 |   4525 |   6 |  932.2 |
               +--------+--------+--------+--------+--------+-----+--------+

Top non-repeatable levels by time:
     D:3: 1411 daAuts
     D:5: 1316 daAuts
     D:4: 1287 daAuts
     D:1: 1244 daAuts
     D:6: 274 daAuts
     D:2: 58 daAuts
